AoeStats
← Atomic

Black Forest

508938653Analyzed
3v3 RM · 7d ago on Sep 24, 2026· 49m 30s· 6 players
Game mode
Random Map
Map size
Normal (6 player)
Population
200
Speed
Normal
Resources
Standard
Victory
Conquest
Starting age
Dark Age
Ending age
Imperial Age
RankedLock teamsTeams togetherTeam positionsShared explorationLock speedFull tech treeHidden civsTurbo modeCheats
Victory
Defeat
🇨🇿 Bulgarians · Czechia
1020
+13
🇨🇿 Spanish · Czechia
912
+18
🇨🇿 Burgundians · Czechia
902
+18
🇧🇪 Teutons · Belgium
967
-17
🇺🇸 Britons · United States
959
-17
🇩🇪 Franks · Germany
929
-15
filipusis9247
3:20 Loom
11:19 Feudal Age
13:03 Double-Bit Axe
19:15 Castle Age
19:22 Stone Mining
19:52 Scale Mail Armor
21:57 Fletching
29:28 Gold Mining
33:21 Imperial Age
33:47 Horse Collar
35:46 Heavy Plow
36:07 Scale Barding Armor
37:44 Conscription
38:15 Crop Rotation
37:28 Cavalier
38:19 Bloodlines
39:27 Forging
39:02 Pikeman
40:52 Chain Mail Armor
41:13 Iron Casting
40:38 Halberdier
43:33 Blast Furnace
42:54 Chain Barding Armor
45:58 Plate Mail Armor
46:12 Bow Saw
46:41 Plate Barding Armor
47:47 Husbandry
48:16 Stirrups
Tapirocha
12:37 Feudal Age
13:16 Horse Collar
13:24 Double-Bit Axe
14:42 Padded Archer Armor
17:09 Castle Age
15:46 Fletching
16:34 Stone Mining
17:57 Loom
18:56 Bow Saw
19:14 Heavy Plow
20:44 Stone Shaft Mining
21:33 Bodkin Arrow
23:37 Wheelbarrow
22:51 Town Watch
23:30 Gold Mining
26:56 Ballistics
26:32 Murder Holes
27:09 Leather Archer Armor
32:26 Imperial Age
31:34 Hand Cart
34:33 Two-Man Saw
34:11 Ring Archer Armor
33:41 Bracer
34:12 Town Patrol
35:22 Chemistry
36:18 Elite Conquistador
37:22 Conscription
46:58 Pikeman
47:54 Halberdier
48:50 Forging
48:41 Scale Mail Armor
LordMilan8577
9:15 Double-Bit Axe
11:23 Feudal Age
11:56 Loom
14:32 Horse Collar
17:30 Wheelbarrow
17:17 Bow Saw
21:47 Castle Age
19:43 Gold Mining
22:47 Gold Shaft Mining
29:17 Fervor
29:45 Hand Cart
30:01 Heavy Plow
30:18 Stone Mining
31:14 Loom
31:18 Town Watch
32:50 Two-Man Saw
31:49 Light Cavalry
32:31 Husbandry
32:43 Forging
32:38 Scale Barding Armor
32:26 Fletching
33:39 Stone Shaft Mining
32:44 Cavalier
34:14 Caravan
34:52 Iron Casting
35:18 Chain Barding Armor
36:38 Crop Rotation
37:57 Bodkin Arrow
38:44 Burgundian Vineyards
42:35 Imperial Age
39:59 Pikeman
40:40 Squires
40:26 Arson
41:22 Scale Mail Armor
43:28 Paladin
43:30 Hussar
44:41 Halberdier
47:13 Blast Furnace
47:14 Conscription
47:33 Town Patrol
48:10 Plate Barding Armor
47:52 Chain Mail Armor
48:03 Ballistics
Caillou
1:49 Loom
11:30 Feudal Age
16:50 Castle Age
15:30 Forging
22:56 Double-Bit Axe
22:54 Horse Collar
24:50 Wheelbarrow
28:53 Imperial Age
26:45 Bow Saw
31:27 Elite Skirmisher
32:13 Fletching
32:24 Padded Archer Armor
37:25 Hand Cart
38:50 Pikeman
39:31 Squires
39:16 Gambesons
42:00 Yeomen
42:54 Halberdier
46:52 Bodkin Arrow
47:13 Leather Archer Armor
47:59 Bracer
48:42 Conscription
49:47 Iron Casting
49:13 Scale Mail Armor
lodecesky
0:30 Loom
12:22 Feudal Age
14:55 Wheelbarrow
14:10 Town Watch
14:19 Double-Bit Axe
17:55 Horse Collar
19:03 Fletching
23:45 Gold Mining
23:46 Stone Mining
26:07 Castle Age
31:18 Bow Saw
38:07 Town Patrol
38:23 Hand Cart
42:10 Imperial Age
39:59 Hand Cart
39:51 Scale Barding Armor
39:57 Forging
40:18 Caravan
41:33 Bloodlines
42:50 Scale Mail Armor
43:25 Iron Casting
43:06 Heavy Plow
42:43 Pikeman
43:23 Squires
43:44 Guilds
44:02 Halberdier
46:28 Crop Rotation
45:37 Cavalier
46:47 Conscription
47:02 Paladin
Atomic
12:15 Feudal Age
13:02 Double-Bit Axe
19:38 Castle Age
17:53 Stone Mining
18:55 Wheelbarrow
18:17 Gold Mining
21:27 Bow Saw
22:59 Hand Cart
25:08 Gold Shaft Mining
26:01 Loom
28:14 Husbandry
29:58 Scale Barding Armor
31:33 Chain Barding Armor
35:40 Caravan
36:11 Coinage
36:22 Ordonnance Companies
40:21 Imperial Age
40:31 Cavalier
42:40 Banking
42:12 Light Cavalry
44:39 Conscription
44:23 Chivalry
44:27 Paladin
49:05 Plate Barding Armor
Connection lost

Rejoining the realm…

Still unreachable

The connection could not be restored.

Session expired

The server has moved on; the page needs a fresh start.